cohdb
Replays
Latest Replays
All Replays
Popular Replays
Top Player Replays
Match Explorer
How It Works
Community
CoH3 Stats
Reddit
Sign in to upload your games and track your stats! →
Sign in with Steam
Match 39295765
Unlisted
Match 39295765
Overview
Messages
Build Orders
End
Pioneer Squad
Selects Italian Coastal Battlegroup
Selects Coastal Reserves
Coastal Reserve
Coastal Reserve
Medical Station
Construct Infanterie Kompanie
MG 42 Machine Gun Team
Selects Artillery Officer
Construct Luftwaffe Kompanie
221 Scout Car
Selects Designate Defensive Line
Artillery Officer
Jäger Squad
Designate Defensive Line
Support Elements
Selects Rapid Fortifications
Wirbelwind Flakpanzer
Designate Defensive Line
Marder III M Tank Destroyer
Marder III M Tank Destroyer
Rapid Fortifications
Selects Bulwark
Construct Panzergrenadier Kompanie
Nebelwerfer 42 Rocket Launcher Team
Panzergrenadier Squad
Selects Coastal Wall
Designate Defensive Line
Panzergrenadier Officer Quarters
StuG III G Assault Gun
StuG III G Assault Gun
Dullahan
grun59
0
0
Comments
sign in to comment!
No comments posted yet!